 Dungeon Crawl Stone Soup version 0.21-a0-513-gdcb3f5e (webtiles) character file.

4179 slep the Cleaver (level 10, -2/51 HPs)
             Began as a Vine Stalker Gladiator on Dec 3, 2017.
             Was a Believer of Okawaru.
             Slain by a two-headed ogre
             ... wielding a +0 giant spiked club
              (17 damage)
             ... on level 8 of the Dungeon.
             The game lasted 00:27:18 (5155 turns).

slep the Cleaver (Vine Stalker Gladiator)           Turns: 5155, Time: 00:27:18

Health: -2/51      AC:  9    Str: 17      XL:     10   Next: 28%
Magic:  0/11       EV: 13    Int:  7 (8)  God:    Okawaru [**....]
Gold:   391        SH:  4    Dex: 18 (19) Spells: 9/9 levels left

rFire    . . .     SeeInvis .   p - +2 war axe (elec)
rCold    + + .     Gourm    .   E - +0 buckler
rNeg     . . .     Faith    .   L - +2 ring mail of Conscience {rC+}
rPois    .         Spirit   +   c - +0 helmet
rElec    .         Reflect  .   (no cloak)
rCorr    .         Harm     .   e - +1 pair of gloves
MR       ++...                  (no boots)
Stlth    ++........             (no amulet)
HPRegen  0.57/turn              A - ring of protection from magic
MPRegen  0.12/turn              g - ring of protection from cold

@: no status effects
A: fangs 3, deformed body, deterioration 1, regeneration 1, magic shield,
antimagic bite, no potion heal 3, rot immunity
a: Heroism, Renounce Religion


You were on level 8 of the Dungeon.
You worshipped Okawaru.
Okawaru was pleased with you.
You were not hungry.

You visited 2 branches of the dungeon, and saw 9 of its levels.
You also visited: Ossuary.

You collected 391 gold pieces.

Inventory:

Hand Weapons
 a - a +0 war axe
 p - a +2 war axe of electrocution (weapon)
 F - a +0 fustibalus
Missiles
 d - 3 throwing nets (quivered)
 q - 3 silver tomahawks
 P - 6 curare-tipped needles
Armour
 b - a +0 leather armour
 c - a +0 helmet (worn)
 e - a +1 pair of gloves (worn)
 r - a +0 ring mail
 E - a +0 buckler (worn)
 L - the +2 ring mail of Conscience (worn) {rC+}
   (You found it on level 7 of the Dungeon)

   It protects you from cold.
Jewellery
 g - a ring of protection from cold (right hand)
 A - a ring of protection from magic (left hand)
 B - an uncursed ring of flight
 K - a +4 amulet of reflection {unknown}
Wands
 w - a wand of digging (10)
 N - a wand of polymorph (9)
 O - a wand of flame (44)
Scrolls
 k - 5 scrolls of remove curse
 m - a scroll of fear
 x - 2 scrolls of enchant weapon {unknown}
 y - 4 scrolls of teleportation {unknown}
 C - 2 scrolls of magic mapping
 D - 3 scrolls of identify
 M - a scroll of amnesia
Potions
 h - 6 potions of heal wounds
 j - a potion of brilliance
 l - 6 potions of invisibility
 n - 2 potions of lignification {unknown}
 o - 2 potions of might {unknown}
 s - 4 potions of ambrosia {unknown}
 t - a potion of agility {unknown}
 z - 3 potions of flight {unknown}
 G - a potion of degeneration {unknown}
 H - 2 potions of haste
 I - a potion of curing {unknown}
 J - a potion of mutation {unknown}
Comestibles
 f - 7 bread rations
 i - 5 meat rations
 u - 2 royal jellies
 v - 6 fruits


   Skills:
 + Level 5.3 Fighting
 + Level 10.0 Axes
 + Level 2.0 Throwing
 + Level 5.0 Armour
 + Level 4.5 Dodging
 + Level 3.9 Stealth
 + Level 0.1 Shields


You had 9 spell levels left.
You didn't know any spells.

Dungeon Overview and Level Annotations

Branches:
Dungeon (8/15)             Temple (1/1) D:4
   Lair: D:8-11

Altars:
Ashenzari
Cheibriados
Dithmenos
Elyvilon
Fedhas
Gozag
Hepliaklqana
Kikubaaqudgha
Makhleb
Nemelex Xobeh
Okawaru
Qazlal
Ru
Sif Muna
Trog
Uskayaw
Vehumet
Wu Jian
Xom
Yredelemnul
Zin
The Shining One


Innate Abilities, Weirdness & Mutations

You have razor-sharp teeth.
Your natural rate of healing is unusually fast.
When hurt, damage is shared between your health and your magic reserves.
Your bite disrupts and absorbs the magic of your enemies.
Potions cannot restore your health.
You are immune to rotting.
Armour fits poorly on your strangely shaped body.
Your body sometimes deteriorates upon taking damage.


Message History

Lightning courses through the two-headed ogre!
The two-headed ogre is heavily wounded.
The two-headed ogre hits you with a giant spiked club!
Your body deteriorates!
You feel clumsy. The two-headed ogre barely misses you.
You barely miss the two-headed ogre. You bite the two-headed ogre!
You drain its power.
You feel invigorated.
The two-headed ogre is severely wounded.
You hit the two-headed ogre but do no damage.
You bite the two-headed ogre. You drain its power.
The two-headed ogre is severely wounded.
The two-headed ogre hits you with a giant spiked club!!
* * * LOW HITPOINT WARNING * * *
The two-headed ogre closely misses you.
You slash the two-headed ogre!
You bite the two-headed ogre, but do no damage.
The two-headed ogre is almost dead.
You block the two-headed ogre's attack.
The two-headed ogre hits you with a giant spiked club!!
You die...

. #..#####..##...# ..
###.## #....##.## .
.###...## ##.....#.##
.......#..###.........)
....#.###...........##
#..##..#>....#.....##
#..##.....###......#
#..#.....## ##....##
#........## ##.@.#
..........# #.O.#
....#.....# #......
....##.....# #....###
#....#.........#...
##...........####...
#...........# ..#
##........... .##
............


You could see a two-headed ogre.

Vanquished Creatures
  A two-headed ogre (D:4)
  Prince Ribbit (D:7)
  A hippogriff (D:4)
  Sigmund (D:5)
  Menkaure (D:6)
  Edmund (D:5)
  A hornet zombie (D:7)
  An orc warrior (D:8)
  3 sky beasts
  2 phantoms
  5 centaurs
  3 bullfrogs
  4 water moccasin zombies (Ossuary)
  3 scorpions
  A water moccasin skeleton (D:4)
  4 killer bees (D:7)
  A howler monkey (D:6)
  2 crimson imps (D:6)
  3 hounds
  2 centaur skeletons
  2 orc priests (D:3)
  2 bullfrog skeletons
  Ijyb (D:3)
  2 iguanas
  4 worker ants
  4 big kobold zombies (Ossuary)
  A hound zombie (D:7)
  A hound skeleton (D:6)
  2 mummies (Ossuary)
  12 adders
  3 shadow imps
  7 adder zombies
  An adder skeleton (D:5)
  2 worms (D:2)
  8 dart slugs
  2 leopard geckos
  14 orcs
  6 giant cockroaches
  7 hobgoblins
  7 jackals
  2 quokkas (D:4)
  A ball python (D:2)
  7 bats
  3 frilled lizards
  4 gnoll zombies (Ossuary)
  12 goblins
  5 hobgoblin zombies (Ossuary)
  2 jackal skeletons
  10 kobolds
  2 kobold zombies (Ossuary)
  7 orc zombies (Ossuary)
  A quokka zombie (D:5)
  5 rats
190 creatures vanquished.

Notes
Turn   | Place    | Note
-------+----------+-------------------------------------------
     0 | D:1      | slep the Vine Stalker Gladiator began the quest for the Orb.
     0 | D:1      | Reached XP level 1. HP: 11/11 MP: 2/2
   114 | D:1      | Reached skill level 3 in Axes
   115 | D:1      | Reached XP level 2. HP: 9/15 MP: 3/3
   427 | D:1      | Found a sparkling altar of Nemelex Xobeh.
   606 | D:2      | Reached XP level 3. HP: 14/18 MP: 2/4
   727 | D:2      | Gained mutation: Your natural rate of healing is unusually fast. [Vine Stalker growth]
   727 | D:2      | Reached XP level 4. HP: 17/23 MP: 5/5
  1000 | D:2      | Reached skill level 4 in Axes
  1217 | D:3      | HP: 1/23 [orc/whip (1)]
  1315 | D:3      | Reached XP level 5. HP: 25/26 MP: 6/6
  1325 | D:3      | Reached skill level 1 in Armour
  1433 | D:3      | Reached skill level 1 in Stealth
  1611 | D:3      | Noticed Ijyb
  1620 | D:3      | Killed Ijyb
  1620 | D:3      | Reached XP level 6. HP: 30/30 MP: 7/7
  1780 | D:4      | Reached skill level 5 in Axes
  1943 | D:4      | Noticed a two-headed ogre
  1960 | D:4      | Killed a two-headed ogre
  1960 | D:4      | Reached skill level 6 in Axes
  1960 | D:4      | Reached XP level 7. HP: 6/36 MP: 0/8
  1960 | D:4      | Gained mutation: You have razor-sharp teeth. [Vine Stalker growth]
  1960 | D:4      | Reached XP level 8. HP: 6/40 MP: 0/9
  2080 | D:4      | Noticed a hippogriff
  2085 | D:4      | Killed a hippogriff
  2085 | D:4      | Reached skill level 7 in Axes
  2431 | D:4      | Found a staircase to the Ecumenical Temple.
  2437 | Temple   | Entered the Ecumenical Temple
  2827 | D:5      | Entered Level 5 of the Dungeon
  3025 | D:5      | Found a deep blue altar of Sif Muna.
  3134 | D:5      | Noticed Edmund
  3141 | D:5      | Noticed Sigmund
  3146 | D:5      | Killed Edmund
  3153 | D:5      | Killed Sigmund
  3302 | D:5      | Found a glowing golden altar of the Shining One.
  3417 | D:6      | Reached XP level 9. HP: 43/45 MP: 10/10
  3478 | D:6      | Noticed Menkaure
  3485 | D:6      | Killed Menkaure
  3485 | D:6      | Reached skill level 8 in Axes
  3641 | D:6      | Found a sand-covered staircase.
  3646 | Ossuary  | Entered an ossuary
  4042 | D:6      | Found a basalt altar of Yredelemnul.
  4044 | D:6      | Found a glowing silver altar of Zin.
  4046 | D:6      | Found a shattered altar of Ashenzari.
  4046 | D:6      | Found a blossoming altar of Fedhas.
  4048 | D:6      | Found a deep blue altar of Sif Muna.
  4049 | D:6      | Found a hide-covered altar of Uskayaw.
  4051 | D:6      | Found an iron altar of Okawaru.
  4054 | D:6      | Became a worshipper of Warmaster Okawaru
  4240 | D:7      | Noticed Prince Ribbit
  4267 | D:7      | Killed Prince Ribbit
  4267 | D:7      | Reached skill level 9 in Axes
  4271 | D:7      | Reached skill level 5 in Fighting
  4297 | D:7      | Got a pitted ring mail
  4310 | D:7      | Identified the +2 ring mail of Conscience {rC+} (You found it on level 7 of the Dungeon)
  4377 | D:7      | Reached * piety under Okawaru
  4391 | D:7      | Reached XP level 10. HP: 38/51 MP: 11/11
  4613 | D:7      | Gained mutation: Your body sometimes deteriorates upon taking damage. [mutagenic meat]
  4615 | D:7      | Gained mutation: Armour fits poorly on your strangely shaped body. [mutagenic meat]
  4718 | D:7      | Reached skill level 5 in Armour
  4770 | D:7      | HP: 1/51 [centaur (2)]
  5050 | D:8      | Reached skill level 10 in Axes
  5062 | D:8      | Reached ** piety under Okawaru
  5146 | D:8      | Noticed a two-headed ogre
  5155 | D:8      | Slain by a two-headed ogre

Vault maps used:
D:1:      grunt_arrival_lava_bath, nemelex_diamond_rough_becter
D:2:      minmay_tromino_v4_b, uniq_robin
D:3:      serial_bayou_pond_a, uniq_ijyb
D:4:      kennysheep_slugbush, minmay_temple_entry_fiery, first_bread
D:5:      kennysheep_little_box, dk_noncrumbling_2, minmay_misc_feat_columns,
          tgw_sif, uniq_sigmund, uniq_edmund
D:6:      minmay_diamond_boxcup, minitemple, nicolae_ossuary_entry_plus,
          uniq_menkaure
D:7:      uniq_prince_ribbit1
D:8:      blue_anna_alchemist, nrook_loot_triangle, serial_bayou_pond_e
Temple:   nicolae_temple_great_sept
Ossuary:  ossuary_tomb_2

Skill      XL: |  1  2  3  4  5  6  7  8  9 10 |
---------------+-------------------------------+-----
Axes           | 3 4 6 7 9 10 | 10.0
Fighting       | 2 3 4 5 |  5.3
Armour         | 1 2 4 5 |  5.0
Stealth        | 1 2 3 |  3.9
Dodging        | 3 4 |  4.5
Throwing       | 2 |  2.0
Shields        | |  0.1

Action                   |  1- 3 |  4- 6 |  7- 9 | 10-12 || total
-------------------------+-------+-------+-------+-------++-------
Melee: War axe           |    83 |    98 |   229 |    57 ||   467
       Bite              |    19 |    28 |    71 |    25 ||   143
Throw: Throwing net      |       |     1 |       |       ||     1
  Use: Potion            |       |     3 |       |       ||     3
       Scroll            |       |       |     6 |       ||     6
 Stab: Sleeping          |     1 |     2 |     3 |     4 ||    10
       Invisible         |       |     1 |       |       ||     1
  Eat: Chunk             |       |     3 |     9 |     5 ||    17
Armor: Leather armour    |    38 |    13 |       |       ||    51
       Ring mail         |       |    17 |   100 |    13 ||   130
Dodge: Dodged            |    80 |    82 |   155 |    27 ||   344
Block: Buckler           |       |       |       |     9 ||     9

Table legend:
 A = Spawn XP
 B = Non-spawn XP
 C = Spawn XP percentage of total XP
 D = Spawn monster count
 E = Non-spawn monster count
 F = Spawn count percentage of total count
 G = Total turns spent on level
                    A         B        C        D         E        F      G
               +---------+---------+-------+---------+---------+-------+---------
         Total |       0 |    5970 |   0.0 |       0 |     190 |   0.0 |  5155
               +---------+---------+-------+---------+---------+-------+---------
           D:1 |       0 |      20 |   0.0 |       0 |      15 |   0.0 |   532
           D:2 |       0 |      92 |   0.0 |       0 |      29 |   0.0 |   603
           D:3 |       0 |     218 |   0.0 |       0 |      28 |   0.0 |   624
           D:4 |       0 |    1359 |   0.0 |       0 |      20 |   0.0 |   981
           D:5 |       0 |     629 |   0.0 |       0 |      13 |   0.0 |   551
           D:6 |       0 |     820 |   0.0 |       0 |      23 |   0.0 |   636
           D:7 |       0 |    1898 |   0.0 |       0 |      21 |   0.0 |   845
           D:8 |       0 |     428 |   0.0 |       0 |       7 |   0.0 |   140
       Ossuary |       0 |     506 |   0.0 |       0 |      34 |   0.0 |   156
               +---------+---------+-------+---------+---------+-------+---------
